AoeStats
← [Marty]TheEY

Black Forest

509163786Analyzed
4v4 RM · 8d ago on Sep 25, 2026· 47m 46s· 8 players
Game mode
Random Map
Map size
Large (8 player)
Population
200
Speed
Normal
Resources
Standard
Victory
Conquest
Starting age
Dark Age
Ending age
Imperial Age
RankedLock teamsTeams togetherTeam positionsShared explorationLock speedFull tech treeHidden civsTurbo modeCheats
Victory
Defeat
🇩🇪 Spanish · Germany
1458
+16
🇨🇳 Persians · China
1424
+18
🇺🇸 Turks · United States
1418
+18
🇧🇷 Khmer · Brazil
1406
+18
🇭🇰 Ethiopians · Hong Kong SAR China
1552
-21
🇹🇼 Persians · Taiwan
1524
-20
🇨🇴 Poles · Colombia
1387
-15
🇺🇸 Dravidians · United States
1378
-14
PaRappa56
0:46 Loom
10:00 Feudal Age
10:57 Double-Bit Axe
13:41 Scale Barding Armor
14:23 Fletching
17:11 Horse Collar
18:24 Padded Archer Armor
23:24 Castle Age
21:51 Gold Mining
21:51 Stone Mining
22:58 Forging
22:59 Bloodlines
24:12 Husbandry
24:34 Chain Barding Armor
24:50 Iron Casting
27:43 Wheelbarrow
26:54 Town Watch
28:52 Bow Saw
29:02 Heavy Plow
36:24 Imperial Age
34:52 Leather Archer Armor
36:13 Bodkin Arrow
38:36 Bracer
39:06 Ring Archer Armor
40:25 Sanctity
40:27 Fervor
40:54 Theocracy
40:47 Hand Cart
42:28 Conscription
45:41 Elite Janissary
48:14 Two-Man Saw
Juanchoche
5:22 Loom
11:54 Feudal Age
11:24 Loom
17:54 Castle Age
16:02 Double-Bit Axe
17:08 Padded Archer Armor
16:52 Horse Collar
18:47 Bow Saw
19:43 Gold Mining
23:11 Heavy Plow
24:14 Wheelbarrow
28:23 Caravan
33:00 Imperial Age
31:38 Bloodlines
31:30 Husbandry
31:36 Scale Barding Armor
31:42 Forging
32:59 Chain Barding Armor
33:17 Hand Cart
33:57 Iron Casting
33:03 Cavalier
34:19 Conscription
33:27 Capped Ram
34:22 Siege Ram
35:05 Paladin
36:58 Plate Barding Armor
37:25 Blast Furnace
37:44 Town Watch
38:39 Hoardings
38:55 Leather Archer Armor
38:32 Fletching
38:42 Scale Mail Armor
38:34 Fishing Lines
40:03 Two-Man Saw
40:24 Ring Archer Armor
41:24 Chemistry
40:47 Ballistics
40:59 Light Cavalry
41:50 Thumb Ring
41:45 Hussar
47:27 Gillnets
Julio2
12:08 Feudal Age
15:12 Castle Age
13:19 Double-Bit Axe
22:13 Wheelbarrow
22:47 Bloodlines
22:33 Fishing Lines
24:22 Light Cavalry
25:26 Gillnets
27:05 Hand Cart
31:09 Imperial Age
29:33 Bow Saw
29:12 Horse Collar
30:00 Scale Barding Armor
30:06 Forging
31:28 Chain Barding Armor
31:22 Gold Mining
31:34 Heavy Plow
33:25 Gold Shaft Mining
32:33 Elite Battle Elephant
33:16 Husbandry
34:23 Plate Barding Armor
35:02 Tusk Swords
36:25 Iron Casting
38:10 Blast Furnace
39:28 Capped Ram
44:33 Caravan
44:58 Siege Ram
2468899547
0:47 Loom
21:20 Feudal Age
22:52 Double-Bit Axe
22:56 Horse Collar
25:19 Fishing Lines
25:52 Fishing Lines
32:30 Castle Age
33:49 Bow Saw
33:43 Heavy Plow
34:11 Gillnets
35:08 Wheelbarrow
34:30 Stone Mining
34:32 Gold Mining
41:11 Imperial Age
38:57 Hand Cart
39:27 Gold Shaft Mining
40:13 Stone Shaft Mining
40:12 Husbandry
40:22 Bloodlines
41:06 Town Watch
41:29 Scale Barding Armor
41:34 Forging
42:57 Two-Man Saw
42:45 Crop Rotation
43:37 Ballistics
44:18 Chemistry
43:15 Fletching
43:26 Padded Archer Armor
43:56 Kamandaran
43:28 Crossbowman
44:39 Thumb Ring
45:18 Bodkin Arrow
45:38 Leather Archer Armor
45:01 Cavalier
47:44 Ring Archer Armor
47:43 Savar
meh
6:18 Loom
8:30 Feudal Age
8:54 Man-at-Arms
12:13 Arson
16:03 Fletching
20:44 Castle Age
26:22 Horse Collar
29:35 Bodkin Arrow
30:10 Padded Archer Armor
32:33 Double-Bit Axe
34:03 Town Watch
37:49 Thumb Ring
39:11 Wheelbarrow
40:55 Leather Archer Armor
41:04 Bow Saw
41:54 Gold Mining
T91Official
1:19 Loom
21:18 Feudal Age
24:02 Padded Archer Armor
23:50 Double-Bit Axe
25:11 Fletching
30:56 Castle Age
28:40 Horse Collar
32:28 Wheelbarrow
32:06 Bow Saw
31:48 Gold Mining
32:41 Heavy Plow
33:36 Stone Mining
34:19 Hand Cart
35:11 Elite Skirmisher
35:49 Bodkin Arrow
36:26 Leather Archer Armor
40:46 Imperial Age
40:51 Thumb Ring
40:53 Scale Barding Armor
40:59 Forging
41:18 Bloodlines
41:08 Husbandry
40:49 Light Cavalry
41:54 Conscription
42:02 Ballistics
41:49 Bracer
42:21 Chain Barding Armor
42:06 Treadmill Crane
42:37 Masonry
43:47 Chemistry
43:48 Iron Casting
43:59 Siege Engineers
44:25 Murder Holes
44:10 Cavalier
46:00 Szlachta Privileges
Fries
8:54 Loom
11:12 Feudal Age
15:19 Castle Age
13:44 Double-Bit Axe
16:51 Bow Saw
20:14 Wheelbarrow
24:53 Horse Collar
25:05 Fishing Lines
27:01 Hand Cart
27:55 Scale Barding Armor
30:39 Imperial Age
28:21 Caravan
28:33 Forging
29:01 Husbandry
29:34 Chain Barding Armor
29:07 Gillnets
29:13 Gold Mining
29:15 Stone Mining
30:51 Gold Shaft Mining
30:55 Iron Casting
30:34 Bloodlines
30:26 Light Cavalry
31:19 Devotion
31:58 Ballistics
32:32 Conscription
33:11 Plate Barding Armor
33:37 Blast Furnace
32:08 Elite War Elephant
34:51 Stone Shaft Mining
34:30 Hussar
35:17 Heavy Camel Rider
36:19 Elite Skirmisher
37:00 Fletching
39:52 Faith
40:40 Bodkin Arrow
46:29 Padded Archer Armor
[Marty]TheEY
9:01 Feudal Age
11:14 Loom
16:25 Double-Bit Axe
21:11 Castle Age
20:09 Fishing Lines
22:30 Bow Saw
24:36 Gillnets
26:24 Horse Collar
27:24 Gold Mining
29:33 Wheelbarrow
32:30 Imperial Age
32:21 Hand Cart
32:11 Squires
33:12 Scale Mail Armor
32:36 Elite Shotel Warrior
33:36 Conscription
33:32 Forging
33:54 Siege Engineers
35:17 Chain Mail Armor
35:38 Iron Casting
34:55 Onager
35:35 Halberdier
37:50 Plate Mail Armor
37:56 Iron Casting
38:50 Chemistry
38:11 Ballistics
39:12 Gold Shaft Mining
38:24 Siege Onager
39:42 Fortified Wall
39:43 Masonry
39:30 Murder Holes
41:15 Two-Man Saw
40:17 Heavy Plow
40:25 Torsion Engines
41:32 Coinage
41:03 Caravan
43:00 Blast Furnace
42:27 Town Watch
Connection lost

Rejoining the realm…

Still unreachable

The connection could not be restored.

Session expired

The server has moved on; the page needs a fresh start.